[Event "56th Ilmar Raud Memorial 2022"]
[Site "Viljandi"]
[Date "2022.07.05"]
[Round "4.2"]
[White "Krivenko, Dion"]
[Black "Kulaots, Kaido"]
[Result "0-1"]
[ECO "B40"]
[WhiteElo "2090"]
[BlackElo "2543"]
[Annotator "TA"]
[PlyCount "72"]
[EventDate "2022.07.05"]
[EventType "swiss"]
[EventCountry "EST"]
[SourceTitle "playchess.com"]
[Source "ChessBase"]
[SourceQuality "1"]
[TimeControl "40/5400+30:900+30"]

1. e4 c5 2. Nf3 e6 3. g3 Nc6 4. Bg2 d5 5. exd5 exd5 6. d4 {[%emt 0:00:02] B40: Sicilian: 2...e6, Unusual lines.} Nf6 (6... Bg4 {with more complications.} 7. O-O cxd4 8. Nbd2 Bd6) 7. O-O Be7 8. dxc5 {[%emt 0:01:31] The position is equal.} Bxc5 9. Bg5 O-O {[%emt 0:06:39] Active counter play!} 10. Nbd2 h6 11. Bxf6 Qxf6 12. Nb3 Bb6 13. c3 Bf5 14. Nfd4 Be4 15. Nxc6 bxc6 16. Bxe4 dxe4 {[%emt 0:00:05] [#]} 17. Qe2 $146 ({Predecessor:} 17. Qg4 Qe5 18. Rae1 f5 19. Qe2 Rae8 20. Qc4+ Kh8 21. Nd4 f4 22. f3 e3 23. Kg2 {0-1 (63) Muse,D (2358)-Hoffmann,P (2372) Germany 2016}) 17... Rae8 18. c4 Qe5 19. Rac1 h5 (19... f5 $15) 20. c5 $11 Bc7 21. Rc3 (21. Rfd1 $11) 21... h4 $15 22. Re3 {[%emt 0:06:09] White is on the road to losing.} (22. Rd1 $15) 22... f5 $17 23. f4 (23. Qc4+ $142 Kh8 24. Qc3) 23... Qf6 24. Qc4+ Kh7 25. Qc3 Rd8 26. Qxf6 Rxf6 27. Kf2 Rd5 28. Ke2 {[%emt 0:00:31] [#]} (28. Ree1 $17) 28... hxg3 $1 $19 29. hxg3 Rh6 30. Rc3 Rh3 31. Rf2 Kg6 32. a3 Bd8 {[%emt 0:03:15] aiming for ...Bf6.} 33. g4 $2 {[%emt 0:02:35] [#]} (33. Rg2 {might work better.}) 33... fxg4 {[%emt 0:00:30][%cal Bf5g4,Bg4h3][%mdl 32] Black is clearly winning.} 34. f5+ (34. Rxh3 $142 gxh3 35. Nd2) 34... Kh5 35. Rxh3+ gxh3 36. Nd2 e3 {[%emt 0:00:34] Weighted Error Value: White=0.49/Black=0.09 (flawless)} 0-1

[Event "56th Ilmar Raud Memorial 2022"]
[Site "Viljandi"]
[Date "2022.07.05"]
[Round "4.3"]
[White "Pultinevicius, Paulius"]
[Black "Haitin, Ilja"]
[Result "1-0"]
[ECO "D10"]
[WhiteElo "2539"]
[BlackElo "2363"]
[Annotator "TA"]
[PlyCount "79"]
[EventDate "2022.07.05"]
[EventType "swiss"]
[EventCountry "EST"]
[SourceTitle "playchess.com"]
[Source "ChessBase"]
[SourceQuality "1"]
[TimeControl "40/5400+30:900+30"]

1. d4 {[%emt 0:00:01] Huebner,R} d5 2. c4 c6 3. Nc3 Nf6 4. e3 a6 5. Qc2 Bg4 6. h3 {[%emt 0:05:56] D10: Slav Defence: 3 cxd5 (without early Nf3) and 3 Nc3.} Bh5 7. Qb3 b5 (7... Ra7 $11) 8. cxd5 $14 {[%emt 0:00:41] White is slightly better.} Nxd5 9. a4 b4 10. Nxd5 cxd5 {[%emt 0:00:21] [#]} 11. Qxb4 $146 {[%emt 0:03:24] Strongly threatening Qb7.} ({Predecessor:} 11. Bd2 e6 12. a5 Nc6 13. Qa4 Qd7 14. Ne2 Bd6 15. Nf4 Bxf4 16. exf4 Nxd4 17. Bxb4 {½-½ (53) Aleksandrov,A (2654)-Kallio,H (2502) Batumi 2002 CBM 090 [Huebner,R]}) 11... Nc6 12. Qc3 Qd7 13. Bd2 {[%emt 0:02:51] And now Rc1 would win.} e6 14. Rc1 Nb4 15. Qb3 Rb8 16. Nf3 Bxf3 17. gxf3 Bd6 18. Be2 O-O 19. Kf1 Kh8 20. h4 h5 21. f4 {[%emt 0:03:46] Threatening Qd1.} g6 $1 22. Rg1 Kg7 23. Qd1 Rh8 24. b3 a5 25. f3 (25. Bxh5 $5 Nd3 26. Rc3 $14) 25... Be7 26. Rh1 Rhc8 27. Kg2 Rxc1 28. Bxc1 Rc8 29. Kg3 Rc2 (29... Na2 $15 30. Qd2 Nxc1 31. Rxc1 Rb8) 30. Bd2 $11 {[%emt 0:04:20] Threatens to win with Bxb4.} Qc7 31. Rh2 Rb2 32. Be1 Rc2 33. Bd2 {[%emt 0:03:20][%cal Be1d2,Bd2b4,Bb4a5][%mdl 32] Against Rc1} Rb2 34. Bb5 {[%emt 0:05:24][%cal Be2b5,Bb5d7,Bd7c8][%mdl 32] Hoping for Bxb4.} Rc2 $2 {[%emt 0:02:46][%mdl 8192] This costs Black the game.} (34... Na2 $11) 35. Bxb4 $18 Rc1 {[%emt 0:00:30] [#]} (35... Bxh4+ 36. Rxh4 axb4) 36. Bxa5 $1 {[%emt 0:00:37] White is clearly winning.} Qc8 {[%emt 0:00:28] [#]} (36... Qxf4+ 37. exf4) 37. Bd7 $1 Rxd1 38. Bxc8 {[%emt 0:00:05] A strong pair of Bishops.} Rg1+ 39. Kf2 Rb1 40. b4 {[%emt 0:00:00] Weighted Error Value: White=0.06 (flawless) /Black=0.22 (precise)} 1-0

[Event "56th Ilmar Raud Memorial 2022"]
[Site "Viljandi"]
[Date "2022.07.05"]
[Round "4.4"]
[White "Sakalauskas, Vaidas"]
[Black "Maiorov, Nikita"]
[Result "1/2-1/2"]
[ECO "D36"]
[WhiteElo "2327"]
[BlackElo "2474"]
[Annotator "TA"]
[PlyCount "42"]
[EventDate "2022.07.05"]
[EventType "swiss"]
[EventCountry "EST"]
[SourceTitle "playchess.com"]
[Source "ChessBase"]
[SourceQuality "1"]
[TimeControl "40/5400+30:900+30"]

1. d4 Nf6 2. c4 e6 3. Nc3 d5 4. cxd5 exd5 5. Bg5 Be7 6. e3 c6 7. Bd3 Nbd7 8. Nf3 O-O 9. Qc2 Re8 10. O-O Nf8 11. h3 Be6 12. Ne5 N6d7 {[%emt 0:04:07] D36: Queen's Gambit Declined: Exchange Variation: Main line (5 Bg5 c6 6 Qc2).} 13. Bxe7 Rxe7 14. f4 f6 15. Nf3 {[%emt 0:00:23] [#] An interesting draw.  Weighted Error Value: White=0.24 (precise) /Black=0.01 (flawless)} {Predecessor:} Rc8 $146 16. Rae1 Bf7 17. f5 c5 18. Qf2 cxd4 19. exd4 Nb6 20. Rxe7 Qxe7 21. Re1 Qd7 {½-½ (42) Korobov,A (2683)-Bocharov,D (2528) Chess.com INT 2020} 1/2-1/2

[Event "56th Ilmar Raud Memorial 2022"]
[Site "Viljandi"]
[Date "2022.07.06"]
[Round "5.1"]
[White "Shishkov, Andrei"]
[Black "Laurusas, Tomas"]
[Result "0-1"]
[ECO "D10"]
[WhiteElo "2366"]
[BlackElo "2561"]
[Annotator "TA"]
[PlyCount "54"]
[EventDate "2022.07.05"]
[EventType "swiss"]
[EventCountry "EST"]
[SourceTitle "playchess.com"]
[Source "ChessBase"]
[SourceQuality "1"]
[TimeControl "40/5400+30:900+30"]

1. d4 d5 2. c4 c6 3. cxd5 cxd5 4. Bf4 Nc6 5. e3 a6 6. Nc3 Nf6 7. Bd3 Bg4 8. Nge2 e6 9. O-O {[%emt 0:00:09] D10: Slav Defence: 3 cxd5 (without early Nf3) and 3 Nc3.} Bh5 10. Rc1 Be7 11. Bg3 {[%emt 0:02:22] White is slightly better.} O-O 12. f3 Bg6 13. Nf4 Rc8 {[%emt 0:11:56] has lost popularity (13...Bxd3).} 14. Nxg6 hxg6 15. Na4 Nd7 16. a3 {[%emt 0:08:20] [#]} e5 $146 ({Predecessor:} 16... Na5 17. Rxc8 Qxc8 18. Qe2 b5 19. Nc3 Nb6 20. e4 Nb3 21. Bf2 dxe4 22. fxe4 Rd8 {0-1 (66) Nguyen,N (2625)-Artemiev,V (2524) Khanty-Mansiysk 2013}) 17. dxe5 (17. Qb3 $14) 17... Ndxe5 $11 18. Kh1 Bh4 19. f4 {[%emt 0:20:09] [#] Hoping for Bxh4.} Bxg3 20. hxg3 Nxd3 21. Qxd3 Ne7 22. Rfd1 (22. Rxc8 $11 Qxc8 23. Nc3) 22... Rxc1 $17 23. Rxc1 Nf5 24. Kh2 (24. Nc3 $17) 24... Re8 $19 25. Re1 {[%emt 0:03:28] [#]} (25. e4 $17 dxe4 26. Qxd8 Rxd8 27. Nc3) 25... Qa5 $1 {[%emt 0:02:59][%csl LRa4,LRe1] Black is clearly winning.} 26. Qd1 Nxe3 27. b4 Qb5 {[%emt 0:00:12] Weighted Error Value: White=0.49/Black=0.05 (flawless)} 0-1

[Event "56th Ilmar Raud Memorial 2022"]
[Site "Viljandi"]
[Date "2022.07.06"]
[Round "5.2"]
[White "Kulaots, Kaido"]
[Black "Pultinevicius, Paulius"]
[Result "1-0"]
[ECO "B12"]
[WhiteElo "2543"]
[BlackElo "2539"]
[Annotator "TA"]
[PlyCount "119"]
[EventDate "2022.07.05"]
[EventType "swiss"]
[EventCountry "EST"]
[SourceTitle "playchess.com"]
[Source "ChessBase"]
[SourceQuality "1"]
[TimeControl "40/5400+30:900+30"]

1. e4 c6 2. d4 d5 3. e5 Bf5 4. Nf3 e6 5. Be2 c5 6. Be3 cxd4 7. Nxd4 Ne7 8. Nd2 {[%emt 0:02:37] 8.0-0 is the fancy move. B12: Caro-Kann: Advance Variation.} Nbc6 9. Bb5 a6 10. Bxc6+ {[%emt 0:00:15] The position is equal.} (10. Nxf5 Nxf5 11. Bxc6+ bxc6 $15) 10... bxc6 11. b4 {[%emt 0:00:14] [#]} (11. Nxf5 Nxf5 12. Nf3 Nxe3 13. fxe3 Rb8 $15) 11... Qb8 $146 ({Predecessor:} 11... Qc7 12. O-O Bg6 13. c4 Bd3 14. Re1 dxc4 15. Rc1 Nd5 16. Nxc4 Bxc4 17. Rxc4 Bxb4 18. Rxc6 {1-0 (33) Vachier Lagrave,M (2761)-Dreev,A (2623) Chess.com INT 2022}) 12. O-O Bg6 13. N2b3 (13. c4 $11) 13... Qxb4 14. Rb1 $1 Rc8 15. Qe2 (15. a3 $11 {remains equal.} Qa4 16. Nc5 Qxa3 17. Nb7) 15... Qa3 (15... c5 $6 16. Nxc5 Qc4 17. Nxa6 $11 (17. Qxc4 dxc4 18. Nxa6 Nd5 $11)) (15... Qc4 $1 $17 {And now ...c5 would win.} 16. Qxc4 dxc4) 16. Nc5 $1 $14 Qxc5 {[%emt 0:01:14][%mdl 8192] [#]} ({Black should try} 16... Nf5 $1 $14 17. Nxf5 Bxf5 18. Nxa6 Be7) 17. Qxa6 $2 (17. Nf5 $1 $18 Qa3 (17... Qa5 18. Nd6+) 18. Nd6+ Kd7 19. Rb3) 17... Qc4 (17... Bxc2 $2 18. Nf5 $1 Bxf5 19. Bxc5 Bxb1 20. Rxb1 $18) 18. Qa7 f6 $1 19. Nxe6 (19. Rfe1 $1 $14) 19... d4 $1 $15 (19... fxe5 $2 20. Bc5 Kf7 21. Nxf8 Rhxf8 22. Bxe7 $18 (22. Qxe7+ Kg8 $14)) (19... Qxc2 $2 20. Nd4 Qxb1 21. Rxb1 fxe5 22. Re1 $1 $18) 20. exf6 (20. Nxd4 $142 fxe5 21. Rfe1) 20... gxf6 21. Bxd4 Bxc2 $2 (21... Qxe6 $17 22. Rfe1 Qd6) 22. Rbe1 $18 Qa4 23. Qxa4 Bxa4 24. Bxf6 Ng6 (24... Rg8 $142) 25. Bxh8 Be7 26. Bc3 Bb5 27. Nd4 Bxf1 28. Kxf1 Kd7 29. Rd1 Ra8 30. Nf5+ Ke6 31. Nxe7 Nxe7 {[%emt 0:00:03][%mdl 4096] Endgame KRB-KRN} 32. Rd2 ({Resist} 32. Re1+ Kd7 33. Bb4 Nd5) 32... Nd5 33. Rc2 c5 34. Bd2 Kd6 35. g4 Ra4 {[%emt 0:00:04] [#]} 36. h3 c4 37. Ke2 (37. f4 $18 {is more deadly.}) 37... c3 (37... Ke5 $16) 38. Bh6 $2 (38. Bxc3 $18 {Bd2 is the strong threat.} Rxa2 39. Bb2 (39. Be5+ Kxe5 40. Rxa2 Nc3+ 41. Ke3 Nxa2 $11)) 38... Kc5 $11 39. f4 Re4+ 40. Kf3 Re3+ 41. Kg2 {[%emt 0:04:15] aiming for f5.} Re6 $1 42. Bf8+ Kc4 43. f5 Rf6 44. Bg7 Rf7 (44... Rb6 $1 $11 45. Rc1 Rb7) 45. Bh6 $16 Kd3 {[%emt 0:06:51] [#] Against Re2} (45... Nb4 $16 {might work better.} 46. Re2 Kd5) 46. Rf2 $1 $18 Rc7 (46... Ne3+ {was worth a try.} 47. Kg3 Nc4 48. Rf3+ Kd4) 47. Kf3 Rc6 (47... Re7 $142 48. Bc1 Re1) 48. Bc1 Rb6 49. g5 {[%emt 0:00:24] Inhibits Nf6.} Ne7 (49... Rb1 {was necessary.} 50. f6 Nc7) 50. Kg4 {[%emt 0:04:59] Black must now prevent Kh5.} Rb4+ $2 (50... Rb1) 51. Kh5 c2 52. Rd2+ $2 (52. Rf3+ Ke2 53. Re3+ Kd1 54. Rxe7 Kxc1 55. g6 hxg6+ 56. fxg6) 52... Kc3 53. Rf2 (53. f6 Ng6 54. Kh6) 53... Kd3 $1 54. Rf3+ Ke2 55. Re3+ Kd1 56. Rxe7 Kxc1 57. Rc7 {[%emt 0:00:12] Threatens to win with g6.} Kd2 58. g6 {[%emt 0:00:30] Threatening mate with g7.} hxg6+ 59. fxg6 Ra4 60. g7 {[%emt 0:00:40] Weighted Error Value: White=0.55/Black=0.53} 1-0

[Event "56th Ilmar Raud Memorial 2022"]
[Site "Viljandi"]
[Date "2022.07.06"]
[Round "5.3"]
[White "Maiorov, Nikita"]
[Black "Rychagov, Nikita"]
[Result "1/2-1/2"]
[ECO "D37"]
[WhiteElo "2474"]
[BlackElo "2076"]
[Annotator "TA"]
[PlyCount "128"]
[EventDate "2022.07.05"]
[EventType "swiss"]
[EventCountry "EST"]
[SourceTitle "playchess.com"]
[Source "ChessBase"]
[SourceQuality "1"]
[TimeControl "40/5400+30:900+30"]

1. d4 d5 2. c4 e6 3. Nc3 Nf6 4. Nf3 Be7 5. Bf4 O-O 6. e3 b6 7. a3 {[%emt 0:00:15] D37: Queen's Gambit Declined: 5 Bf4.} c5 8. dxc5 bxc5 9. Be2 Bb7 10. O-O Nbd7 11. Qc2 {[%emt 0:07:46] [#]} Qb6 $146 ({Predecessor:} 11... Nh5 12. Bg3 Nxg3 13. hxg3 Nf6 14. Rfd1 Qb6 15. cxd5 exd5 16. Na4 Qc6 17. Ne5 Qd6 {1-0 (78) Parligras,M (2607)-Landa,K (2601) Germany 2017}) 12. Rfd1 Rfd8 13. Rd2 Rac8 14. Rad1 h6 15. Bg3 Bc6 16. cxd5 Nxd5 17. Ne4 N7f6 18. Nxf6+ Nxf6 19. Ne5 Bd5 20. Nc4 Qb7 21. f3 {[%emt 0:00:12] Prevents Ne4.} Qa8 (21... Bxc4 $11 22. Bxc4 Rxd2 23. Rxd2 (23. Qxd2 Rd8 $11) 23... Nd5) 22. e4 Bc6 23. Bd6 Bxd6 24. Nxd6 Rc7 25. Qxc5 Qb8 26. Qb4 {[%emt 0:03:23] Inhibits Ba4.} Qxb4 27. axb4 Ba4 (27... Rcd7 $16 28. b5 Bd5) 28. Ra1 $18 Be8 29. Kf2 Kf8 30. b5 Ke7 31. Rad1 {[%emt 0:01:04] White is much more active.} Rcd7 (31... Kf8 $16 32. b3 Rcd7) 32. e5 Nd5 33. b6 {[%emt 0:03:17] Against Rc7} ({Resist} 33. Bc4 $6 Nb6 $16) 33... axb6 34. Nxe8 Rxe8 35. Bb5 Rc8 36. Bxd7 Kxd7 {[%emt 0:00:00][%mdl 4096] Endgame KRR-KRN} 37. Ra1 Rc7 38. Ra6 Ke7 39. b3 b5 40. Rda2 f6 41. exf6+ Kxf6 42. Re2 Nf4 43. Rd2 {[%emt 0:02:36] aiming for g3.} Rc3 44. b4 Rb3 (44... Nd3+ {was worth a try.} 45. Kg3 Nxb4) 45. g3 Nd3+ 46. Ke2 Ne5 47. f4 Nc4 48. Rd7 {[%emt 0:00:18] Strongly threatening g4.} Rxb4 49. Raa7 g5 50. Rf7+ Kg6 51. Kd3 Rb2 52. Rg7+ Kf5 53. fxg5 Ne5+ 54. Kc3 Rxh2 55. g4+ (55. gxh6 $14 Rxh6 56. Ra1) 55... Ke4 56. Ra1 Rh3+ 57. Kb4 {[%emt 0:00:08] Black must now prevent gxh6.} hxg5 58. Rxg5 Kf4 59. Rg8 {[%emt 0:00:07] And now g5 would win.} Nf3 {[%emt 0:00:38] Inhibits g5.} 60. Ra7 (60. Rf1 $5 ) 60... Rg3 {[%emt 0:00:40] The position is equal.} 61. Rf7+ Ke3 62. Kxb5 e5 63. Kc4 e4 {[%emt 0:04:18] [#] Threatens to win with ...Ne5+.} 64. Rf5 {[%emt 0:00:23] Prevents Ne5+.} Kf2 {[%emt 0:00:46] Black escapes into a draw.  Weighted Error Value: White=0.11 (very precise) /Black=0.12 (very precise)} 1/2-1/2

[Event "56th Ilmar Raud Memorial 2022"]
[Site "Viljandi"]
[Date "2022.07.06"]
[Round "5.4"]
[White "Miezis, Normunds"]
[Black "Sakalauskas, Vaidas"]
[Result "1/2-1/2"]
[ECO "C01"]
[WhiteElo "2446"]
[BlackElo "2327"]
[Annotator "TA"]
[PlyCount "80"]
[EventDate "2022.07.05"]
[EventType "swiss"]
[EventCountry "EST"]
[SourceTitle "playchess.com"]
[Source "ChessBase"]
[SourceQuality "1"]
[TimeControl "40/5400+30:900+30"]

1. c4 e6 2. e4 d5 3. exd5 exd5 4. d4 Bb4+ 5. Nc3 Ne7 6. Bg5 {[%emt 0:10:06] [#] C01: French: Exchange Variation.} h6 $146 ({Predecessor:} 6... O-O 7. Bd3 dxc4 8. Bxc4 Nbc6 9. Nge2 Kh8 10. O-O f6 11. Bf4 Bd6 12. Bc1 Nf5 13. Bd5 Nfe7 14. Bb3 Bf5 15. a3 a6 16. Ba2 Bg6 17. d5 Ne5 18. Nd4 Qd7 19. Ne6 Rfe8 20. Nf4 c6 {½-½ (20) Ramirez,M (2036)-Cordero,D (1954) Sucre 2016}) 7. Bh4 O-O 8. Nf3 {[%emt 0:05:10] Black is slightly better.} Nbc6 9. Qd2 Bg4 10. Be2 ({Better is} 10. O-O-O $15) 10... dxc4 $17 11. Rd1 Qe8 {[%emt 0:12:25] Hoping for ...Bxf3.} 12. O-O Nf5 13. Rfe1 (13. Qf4 $15 h5 14. Rfe1) 13... Nxh4 14. Nxh4 Bxe2 15. Rxe2 Qd7 16. d5 Ne7 17. Qd4 Rad8 18. h3 {[%emt 0:05:28] [#]} (18. Qxc4 $142 Bxc3 19. bxc3) 18... Bxc3 ({Black should play} 18... b5 $1 19. Red2 a6) 19. bxc3 Nxd5 20. Red2 c6 {[%emt 0:01:57] White must now prevent ...b5.} 21. Qxc4 b5 (21... Rde8 $17 22. Qb3 Qc8) 22. Qc5 $15 Rfe8 23. Nf3 {[%emt 0:00:43] [#]} (23. a4 $15 a6 24. c4 bxc4 25. Qxc4) 23... Re6 ({Black should try} 23... Qd6 $1 $17 24. Qxd6 Rxd6) 24. a4 $11 {[%emt 0:08:27] axb5 is the strong threat.} a6 (24... bxa4 $2 25. c4 $18) 25. axb5 $1 axb5 26. c4 (26. Nd4 $11) 26... bxc4 $15 27. Qxc4 Rde8 28. Nd4 Re1+ 29. Rxe1 Rxe1+ 30. Kh2 Ne7 31. Nf3 Qc7+ 32. g3 Re6 33. Qc5 Rf6 34. Kg2 Rf5 35. Qe3 c5 (35... Nd5 {is interesting.} 36. Qe8+ Kh7 37. Nd4 Rf6) 36. Re2 (36. Qe4 $11 {remains equal.}) 36... Qc6 (36... Nd5 $17 37. Qd3 g6) 37. Qe4 ({Don't play} 37. Qxe7 Qxf3+ 38. Kg1 c4 $17) 37... c4 (37... g6 $15) 38. Nd4 {[%emt 0:00:30] The position is equal.} Qxe4+ 39. Rxe4 Rd5 40. Ne2 Nf5 {[%emt 0:00:00] Weighted Error Value: White=0.18 (very precise) /Black=0.19 (very precise)} 1/2-1/2

[Event "56th Ilmar Raud Memorial 2022"]
[Site "Viljandi"]
[Date "2022.07.06"]
[Round "5.5"]
[White "Cruz Lledo, Pablo"]
[Black "Sadekov, Maksim"]
[Result "1/2-1/2"]
[ECO "A90"]
[WhiteElo "2433"]
[BlackElo "1991"]
[Annotator "TA"]
[PlyCount "238"]
[EventDate "2022.07.05"]
[EventType "swiss"]
[EventCountry "EST"]
[SourceTitle "playchess.com"]
[Source "ChessBase"]
[SourceQuality "1"]
[TimeControl "40/5400+30:900+30"]

1. d4 e6 2. Nf3 f5 3. g3 Nf6 4. Bg2 d5 5. O-O Bd6 6. Bf4 O-O 7. c4 Bxf4 8. gxf4 c6 9. Nbd2 Ne4 10. Ne5 {[%emt 0:09:07] A90: Dutch Defence: Miscellaneous and Modern Stonewall (with ...Bd6).} Qb6 {[%emt 0:12:16] [#]} 11. Nb3 $146 ({Predecessor:} 11. Nxe4 fxe4 12. Qd2 Qd8 13. f3 exf3 14. Rxf3 Nd7 15. Nxd7 Bxd7 16. b3 Qf6 17. Raf1 Be8 {1-0 (68) Bondach,A-Gavrilov,O St Petersburg 1998}) 11... Nd7 12. f3 {[%emt 0:04:16] White is slightly better.} Nef6 13. c5 Qc7 14. Rc1 Nh5 15. Qd2 (15. e3 {with more complications.} g5 16. Qe1 gxf4 17. Qh4) 15... Rf6 (15... Nxe5 $11 16. fxe5 f4) 16. e3 Nf8 17. Rc2 Rh6 18. Nc1 Qe7 19. Ncd3 Bd7 20. a4 Be8 21. b4 a6 22. Qf2 Kh8 23. Rb1 g5 24. fxg5 Qxg5 25. Kf1 Nf6 26. Bh1 (26. f4 $5 Qh4 27. Qxh4 Rxh4 28. h3 $14) 26... Ng6 27. f4 Qh5 28. Bf3 {[%emt 0:00:44] Active counter play!} Qh3+ (28... Ng4 $1 $11 29. Bxg4 fxg4) 29. Qg2 $14 Ne4 30. Qxh3 Rxh3 31. Kg2 Rh6 32. Nxg6+ (32. h3 {feels hotter.} Nh4+ 33. Kh2 Nxf3+ 34. Nxf3 Rg6 35. Nde5) 32... Rxg6+ 33. Kf1 Nf6 34. Ne5 Rg7 35. Rg2 Nd7 36. Nd3 Rxg2 37. Kxg2 Nf6 38. Kf2 Kg7 39. Rg1+ Kf8 40. Rb1 (40. Ne5 $16) 40... Ke7 (40... Kg7 $1 $11) 41. h3 Bf7 42. b5 ({Better is} 42. Ne5 $16) 42... axb5 $11 43. axb5 Ra2+ 44. Kg3 {[%emt 0:00:01] Black should prevent Nb4.} Be8 45. bxc6 Bxc6 46. Rb3 {[%emt 0:00:41] Inhibits Ra3.} Nd7 47. h4 Ra5 48. h5 h6 49. Kf2 Bb5 50. Nb4 Bc4 51. Rb2 {[%emt 0:00:18] Hoping for c6.} Nf6 52. Rb1 (52. c6 b5 53. c7 Kd7 $17) 52... Rb5 53. Ke1 Kf7 54. Kd2 Ra5 55. Nc2 Ba6 56. Kc3 Ra4 57. Rg1 Rc4+ $2 {[%emt 0:00:27] [#]} (57... Bc4 $11) 58. Kd2 $2 (58. Kb3 $1 $18) 58... Ra4 {[%emt 0:01:02] Prevents Na3.} 59. Rg6 Ng8 (59... Nd7 $11) 60. Kc3 (60. Be2 $1 $14) 60... Bc4 61. Rg1 Ra5 62. Rb1 Ra7 63. Rb6 Ne7 64. Rd6 Ra8 65. Rd7 Rb8 $1 66. Na3 {[%emt 0:00:22] Against Bb5} Ba6 67. Bd1 Rg8 (67... Bf1 $14) 68. Ba4 $16 Rg3 69. Nb5 (69. Nc2 $16) 69... Rxe3+ $11 70. Kd2 Re4 $2 (70... Rf3 $11) 71. Nd6+ $18 Kf6 72. Nxe4+ fxe4 {[%emt 0:00:07][%mdl 4096] Endgame KRB-KBN} 73. Rd8 $2 ({White should play} 73. Rc7 $18) 73... Nf5 $11 74. Rf8+ Kg7 75. Ra8 {[%emt 0:00:20] Threatens to win with c6.} e3+ $1 76. Ke1 $1 Bc4 77. Ra7 $2 {[%emt 0:01:05] [#]} (77. Bd1 $1 $11 {and White stays safe.}) 77... Nxd4 $2 ({Black should try} 77... Nh4 $1 $19 {[%cal Rh4f3] ( -> ...Nf3+)} 78. Rxb7+ Kf6) 78. Rxb7+ {[%emt 0:00:06] The position is equal.} Kf6 79. Bd1 $1 {[%emt 0:00:19] Prevents Nf3+.} Kf5 {[%emt 0:00:40] Inhibits Bg4+.} ({Don't do} 79... e2 80. Bxe2 Bxe2 81. c6 $16) 80. Rf7+ Ke4 81. Rf6 {[%emt 0:00:06] And now c6 would win.} e2 82. Bxe2 $1 Bxe2 83. Kf2 $1 Bb5 (83... Bxh5 {with more complications.} 84. c6 Be2 85. f5 Ke5) 84. Rxh6 Kxf4 85. Rh8 Nf5 86. h6 Nxh6 $1 87. Rxh6 {[%emt 0:00:05] KR-KB} Ke5 88. Rh8 d4 89. Rd8 Bc6 90. Ke2 Bb5+ 91. Kd2 Ke4 92. Rd6 Ke5 93. Kc2 Bc4 94. Rd8 Bd5 95. Rd6 Bf3 96. Kd3 Be4+ 97. Kc4 Bd5+ 98. Kb4 ({Resist} 98. Kd3 Be4+ 99. Kc4 Bd5+ 100. Kd3 Be4+ $14) 98... Be4 99. Ra6 Kd5 100. Rd6+ Ke5 101. Rd8 Bd5 102. Rd6 Be4 103. Kb5 Bd5 104. Ra6 d3 105. c6 {[%emt 0:00:10] Black must now prevent c7.} d2 106. c7 {[%emt 0:01:19] aiming for Ra1.} d1=Q {[%emt 0:00:23] Inhibits Ra1.} 107. c8=Q {[%emt 0:00:03] KQR-KQB} Qb3+ 108. Ka5 Qa3+ 109. Kb6 Qb4+ 110. Ka7 {[%emt 0:00:30] Really sharp!} Qe7+ (110... Kf5 $5) 111. Kb8 Qb4+ 112. Ka7 {[%emt 0:00:57] Intending Qh8+ and mate.} Qe7+ 113. Kb6 Qb4+ 114. Kc7 {[%emt 0:00:15] Threatening mate with Qh8+.} Qc5+ 115. Kd7 Qxc8+ 116. Kxc8 Kd4 117. Ra4+ Bc4 118. Ra5 e5 119. Rxe5 Kxe5 {[%emt 0:00:03] Weighted Error Value: White=0.19 (very precise) /Black=0.18 (very precise)} 1/2-1/2

[Event "56th Ilmar Raud Memorial 2022"]
[Site "Viljandi"]
[Date "2022.07.06"]
[Round "5.6"]
[White "Kiik, Kalle"]
[Black "Shvyrjov, Igor"]
[Result "1-0"]
[ECO "B01"]
[WhiteElo "2365"]
[BlackElo "2377"]
[Annotator "TA"]
[PlyCount "89"]
[EventDate "2022.07.05"]
[EventType "swiss"]
[EventCountry "EST"]
[SourceTitle "playchess.com"]
[Source "ChessBase"]
[SourceQuality "1"]
[TimeControl "40/5400+30:900+30"]

1. e4 d5 2. exd5 Qxd5 3. Nc3 Qd6 4. d4 Nf6 5. Nf3 a6 6. g3 Bg4 7. Bg2 {[%emt 0:01:32] B01: Scandinavian Defence.} (7. h3 $5 Bh5 8. Be2 $14) 7... c6 8. O-O e6 9. Qd3 {[%emt 0:06:10] [#] White is better.} Bxf3 $146 ({Predecessor:} 9... Bf5 10. Qe2 Be7 11. Bf4 Qb4 12. Rab1 Nbd7 13. a3 Qb6 14. b4 Nd5 15. Nxd5 cxd5 {0-1 (35) Simacek,V (1868)-Sergeev,V (2410) Bayerisch Eisenstein 2018}) 10. Bxf3 Be7 11. Bf4 Qd8 12. Rad1 O-O 13. Ne2 {[%emt 0:01:02] White is much more active.} a5 14. c4 a4 15. a3 Qa5 16. Nc3 Rd8 17. Rfe1 Bd6 18. Bd2 {[%emt 0:07:07][%cal Oc3d5] [#] And now Nd5! would win. A strong pair of Bishops.} Qa6 19. Qf1 Bf8 20. Be3 Nbd7 21. Rd2 e5 22. d5 Re8 23. Bg2 (23. Qg2 $16 cxd5 24. cxd5 (24. Nxd5 Qxc4 25. Nxf6+ Nxf6 $11) (24. Bxd5 Nxd5 25. Rxd5 Qc6 $14)) 23... Nc5 $14 24. Bg5 Nb3 25. Rdd1 cxd5 26. Bxf6 Qxf6 27. Bxd5 Qb6 28. Re3 ({White should play} 28. Qh3 $16) 28... Bc5 $1 $11 29. Red3 Bd4 30. Rf3 Re7 31. Qh3 Nc5 (31... Bxc3 $5 32. bxc3 Nc5 $11) 32. Nb5 $36 {[%emt 0:02:42][%mdl 2048] White has good play.} Rf8 (32... Nb3 $11) 33. Qh4 $16 Rd7 {[%emt 0:01:32][%cal Od7d5] [#] aiming for ...Rxd5!} 34. Nxd4 exd4 35. Qxd4 Qc7 36. Re1 b6 37. Rfe3 h6 38. h4 Qd6 (38... Qd8 {might work better.} 39. Qd2 Kh8) 39. Re5 Qf6 40. Qg4 Nd3 41. Rf5 ({Weaker is} 41. Qxd7 Qxf2+ 42. Kh1 Qxg3 $11) (41. R5e2 $16 Rxd5 42. cxd5 Nxe1 43. Rxe1) 41... Qxb2 $14 42. Re3 Nxf2 43. Rxf2 {[%emt 0:03:10] Dancing on a razor blade.} Qc1+ 44. Kg2 Qxe3 $4 (44... Rxd5 $11 45. cxd5 Qxe3 46. Qxa4 Qd3) 45. Qxd7 {[%emt 0:00:38] Weighted Error Value: White=0.17 (very precise) /Black=0.17 (very precise)} 1-0